 Dungeon Crawl Stone Soup version 0.20.1-1-g8b1a95d (webtiles) character file.

203 Irenicus the Insei (level 5, -2/36 HPs)
             Began as an Octopode Chaos Knight on Oct 8, 2017.
             Slain by a gnoll (8 damage)
             ... on level 4 of the Dungeon.
             The game lasted 00:06:25 (1961 turns).

Irenicus the Insei (Octopode Chaos Knight)          Turns: 1961, Time: 00:06:26

Health: -2/36      AC:  5    Str: 15 (16) XL:     5   Next: 81%
Magic:  5/5        EV:  7    Int: 14      God:    Xom [..*...]
Gold:   103        SH:  0    Dex: 13      Spells: 4/4 levels left

rFire    . . .     SeeInvis .     - Unarmed
rCold    . . .     Gourm    .   (no shield)
rNeg     . . .     Faith    .   (helmet restricted)
rPois    .         Spirit   .   (no amulet)
rElec    .         Reflect  .   i - ring of teleportation
rCorr    .         Harm     .   (no ring)
MR       .....     Rnd*Tele +   (no ring)
Stlth    ++........             (no ring)
Regen    0.2/turn               (no ring)
MPRegen  0.1/turn               (no ring)
                                (no ring)
                                (no ring)

@: mighty, flying, held
A: almost no armour, stealthy swim, amphibious, 8 rings, constrict 8, tentacle
spike 1, molten scales 1, slimy green scales 1, camouflage 1, deterioration 1,
gelatinous body 1
a: Renounce Religion


You were on level 4 of the Dungeon.
You worshipped Xom.
You were a toy of Xom.
You were very hungry.

You visited 1 branch of the dungeon, and saw 4 of its levels.

You collected 103 gold pieces.

Inventory:

Jewellery
 i - a ring of teleportation (left tentacle)
Scrolls
 b - 4 scrolls of remove curse
 d - a scroll of fog {unknown}
 f - a scroll of identify
 h - a scroll of immolation {unknown}
 l - a scroll of random uselessness {unknown}
Potions
 c - a potion of mutation
 e - a potion of curing
 k - a potion of agility {unknown}
Comestibles
 a - 2 bread rations


   Skills:
 - Level 3.0 Fighting
 - Level 2.3 Dodging
 + Level 6.3 Unarmed Combat


You had 4 spell levels left.
You didn't know any spells.

Dungeon Overview and Level Annotations

Branches:
Dungeon (4/15)
 Temple: D:4-7

Altars:
Cheibriados
Ru

Annotations:
D:4 Blork the orc


Innate Abilities, Weirdness & Mutations

You cannot wear most types of armour.
You are very stealthy in the water. (Stealth+)
You are amphibious.
You can wear up to eight rings at the same time.
You can use your tentacles to constrict eight enemies at once.
Your skin changes colour to match your surroundings (Stealth+).
Your rubbery body absorbs attacks. (AC +1, EV +1)
One of your tentacles bears a spike.
You are partially covered in molten scales. (AC +2)
You are partially covered in slimy green scales. (AC +2)
Your body sometimes deteriorates upon taking damage.


Message History

The big kobold hits you with a club. The kobold completely misses you.
The gnoll hits you.
Okay, then.
You aren't carrying any items that you can evoke.
Okay, then.
It was a potion of might.
You feel very mighty all of a sudden.
You constrict the big kobold.
The big kobold hits you but does no damage.
The kobold barely misses you. The gnoll hits you!
* * * LOW HITPOINT WARNING * * *
It was a potion of flight.
You feel very buoyant.
You fly up into the air.
Xom roars with laughter!
You constrict the big kobold.
The big kobold hits you but does no damage.
The kobold barely misses you. The gnoll hits you!
You die...
Xom bursts into laughter!

≈≈≈≈≈≈≈≈≈≈≈≈≈≈≈≈≈≈≈≈≈≈≈≈≈≈≈≈≈≈≈≈≈
#≈≈≈≈≈≈≈≈≈≈≈≈≈≈≈≈≈≈≈≈≈≈≈≈≈≈≈≈≈≈≈≈
#################################
...... #....# ...... #....#
......#########....#####
#.........(#......#...
#..KKgK.(..'......'...
#.KKK@....(#...)..#...
.....g#########....##### .....
#....# .... #....#
#########################'(######
#≈≈≈≈≈≈≈≈≈≈≈≈≈≈≈≈≈≈≈≈≈≈....)≈≈≈≈≈
≈≈≈≈≈≈≈≈≈≈≈≈≈≈≈≈≈≈≈≈≈≈≈≈...)≈≈≈≈≈
≈≈≈≈≈≈≈≈≈≈≈≈≈≈≈≈≈≈≈≈≈≈≈.....≈≈≈≈≈
...≈..≈≈.≈.≈≈≈≈≈...≈≈≈≈≈..(...≈≈.


You could see 2 big kobolds, a gnoll, a hobgoblin and 4 kobolds.

Vanquished Creatures
  A howler monkey (D:4)
  A bullfrog skeleton (D:4)
  A worker ant (D:4)
  3 adders
  An ooze (D:1)
  A worm (D:2)
  4 dart slugs
  3 leopard geckos
  An orc (D:3)
  A ball python (D:3)
  9 bats
  4 giant cockroaches
  5 goblins
  6 hobgoblins
  5 frilled lizards
  22 kobolds
  3 rats
71 creatures vanquished.

Notes
Turn   | Place    | Note
-------+----------+-------------------------------------------
     0 | D:1      | Irenicus the Octopode Chaos Knight began the quest for the Orb.
     0 | D:1      | Reached XP level 1. HP: 16/16 MP: 1/1
    21 | D:1      | XOM: harmless Conj miscast
    49 | D:1      | Reached XP level 2. HP: 21/21 MP: 2/2
   105 | D:1      | XOM: harmless Ice miscast
   392 | D:1      | Reached skill level 4 in Unarmed Combat
   437 | D:1      | Reached XP level 3. HP: 18/26 MP: 3/3
   510 | D:1      | XOM: divination: detect creatures
   725 | D:1      | XOM: divination: detect items
  1060 | D:2      | Reached XP level 4. HP: 17/31 MP: 4/4
  1073 | D:2      | XOM: harmless Pois miscast
  1079 | D:2      | Found a snail-covered altar of Cheibriados.
  1147 | D:2      | Found a sacrificial altar of Ru.
  1259 | D:2      | XOM: harmless Summ miscast
  1376 | D:3      | Reached skill level 5 in Unarmed Combat
  1521 | D:3      | XOM: mild Air miscast
  1534 | D:3      | XOM: harmless Necr miscast
  1742 | D:4      | Noticed Blork the orc
  1769 | D:4      | Reached XP level 5. HP: 30/36 MP: 5/5
  1791 | D:4      | XOM: smoke on damage
  1900 | D:4      | Reached skill level 6 in Unarmed Combat
  1902 | D:4      | Gained mutation: You are partially covered in slimy green scales. (AC +2) [potion of mutation]
  1902 | D:4      | Gained mutation: Your body sometimes deteriorates upon taking damage. [potion of mutation]
  1902 | D:4      | Gained mutation: You are partially covered in molten scales. (AC +2) [potion of mutation]
  1902 | D:4      | Gained mutation: One of your tentacles bears a spike. [potion of mutation]
  1945 | D:4      | Noticed a big kobold
  1954 | D:4      | Noticed a big kobold
  1961 | D:4      | Slain by a gnoll

Skill      XL: |  1  2  3  4  5 |
---------------+----------------+-----
Unarmed Combat | 4 5 6 |  6.3
Fighting       | |  3.0
Dodging        | |  2.3

Action                   |  1- 3 |  4- 6 || total
-------------------------+-------+-------++-------
Melee: Unarmed           |    78 |    92 ||   170
       Constrict         |    16 |    20 ||    36
       Tentacles         |     8 |    14 ||    22
       Punch             |       |     1 ||     1
       Kick              |       |     4 ||     4
  Use: Potion            |       |     4 ||     4
       Scroll            |       |     2 ||     2
 Stab: Sleeping          |     7 |     3 ||    10
  Eat: Chunk             |       |     2 ||     2
Armor: Skin              |     4 |    12 ||    16
Dodge: Dodged            |    53 |    80 ||   133
